 Dungeon Crawl Stone Soup version 0.18.1-50-g88ac8fd (webtiles) character file.

6743 Krapule the Martial Artist (level 11, -7/69 HPs)
             Began as a Tengu Monk on Oct 16, 2016.
             Was an Elder of Cheibriados.
             Mangled by a skeletal warrior
             ... wielding a +0 battleaxe
             ... led by a skeletal warrior
              (25 damage)
             ... on level 11 of the Dungeon on Oct 17, 2016.
             The game lasted 00:45:54 (11990 turns).

Krapule the Martial Artist (Tengu Monk)            Turns: 11990, Time: 00:45:55

Health: -7/69      AC:  7    Str: 22    XL:     11   Next: 4%
Magic:  16/16      EV: 21    Int: 19    God:    Cheibriados [****..]
Gold:   548        SH:  0    Dex: 28    Spells: 0 memorised, 16 levels left

rFire  . . .     SeeInvis .       - Unarmed
rCold  . . .     Gourm    .     n - +1 ring mail
rNeg   + + .     Faith    .     (no shield)
rPois  .         Spirit   .     (helmet restricted)
rElec  .         Dismiss  .     (no cloak)
rCorr  .         Reflect  .     (no gloves)
SustAt .         Harm     .     (boots unavailable)
MR     .....                    (no amulet)
Stlth  ++........               e - ring of positive energy
                                g - ring of positive energy

@: very slow, not resistant to hostile enchantments, unstealthy
A: beak, talons 3, able to fly 1
a: Fly, Bend Time, Temporal Distortion, Slouch, Renounce Religion


You were on level 11 of the Dungeon.
You worshipped Cheibriados.
Cheibriados was greatly pleased with you.
You were hungry.

You visited 2 branches of the dungeon, and saw 12 of its levels.

You collected 548 gold pieces.

Inventory:

Hand Weapons
 G - the +6 Majin-Bo {vamp, Archmagi MP+6 Int+6}
   (You found it on level 8 of the Dungeon)

   It inflicts no extra harm, but heals its wielder somewhat when it strikes a
   living foe.
   It affects your intelligence (+6).
   It affects your magic capacity (+6).
Missiles
 F - 6 javelins (quivered)
Armour
 a - a +0 robe
 n - a +1 ring mail (worn)
Jewellery
 e - a ring of positive energy (right hand)
 g - a ring of positive energy (left hand)
Wands
 w - a wand of acid (0/15)
 H - a wand of digging (19/24)
 J - a wand of flame (16/48)
Scrolls
 f - 5 scrolls of remove curse
 h - 3 scrolls of enchant armour
 k - 5 scrolls of teleportation {unknown}
 m - 3 scrolls of immolation {unknown}
 p - 2 scrolls of random uselessness {unknown}
 s - 2 scrolls of enchant weapon {unknown}
 t - a scroll of acquirement {unknown}
 v - a scroll of silence {unknown}
 x - 2 scrolls of fog {unknown}
 y - a scroll of recharging {unknown}
 D - a scroll of magic mapping {unknown}
 K - a scroll of amnesia {unknown}
Potions
 d - 6 potions of curing
 i - a potion of cure mutation
 l - 4 potions of magic
 o - 2 potions of flight
 u - a potion of mutation
 z - a potion of ambrosia
 A - 3 potions of brilliance
 B - 2 potions of heal wounds
Comestibles
 b - 4 bread rations
 c - 4 meat rations
 j - a royal jelly
 q - 26 fruits
 C - a slice of pizza
 E - 2 beef jerkies


   Skills:
 + Level 8.8 Fighting
 - Level 6.0 Armour
 + Level 9.6 Dodging
 - Level 2.0 Stealth
 + Level 9.8 Unarmed Combat
 + Level 3.0 Spellcasting
 + Level 4.6 Invocations


You had 16 spell levels left.
You didn't know any spells.

Dungeon Overview and Level Annotations

Branches:
Dungeon (11/15)            Temple (1/1) D:4            Lair (0/8) D:11
    Orc: D:9-12

Altars:
Ashenzari
Cheibriados
Dithmenos
Elyvilon
Fedhas
Gozag
Kikubaaqudgha
Makhleb
Okawaru
Pakellas
Qazlal
Ru
Sif Muna
Trog
Vehumet
Xom
Yredelemnul
Zin
The Shining One

Shops:
D:9 :   D:10 *

Annotations:
D:4 Sigmund
D:11 lorenzova's ghost, journeyman DECj


Innate Abilities, Weirdness & Mutations

You have a beak for a mouth.
You have claws for feet.
You can fly.


Message History

The skeletal warrior barely misses you.
You pummel the skeletal warrior!! Your kick misses the skeletal warrior.
The skeletal warrior is moderately damaged.
You punch the skeletal warrior!
You claw the skeletal warrior, but do no damage.
You peck the skeletal warrior, but do no damage.
The skeletal warrior is heavily damaged.
The skeletal warrior misses you.
You hit the skeletal warrior. Your kick misses the skeletal warrior.
The skeletal warrior is heavily damaged.
The skeletal warrior hits you with a battleaxe!!
* * * LOW HITPOINT WARNING * * *
You hit the skeletal warrior. Your kick misses the skeletal warrior.
You punch the skeletal warrior, but do no damage.
The skeletal warrior is heavily damaged.
You punch the skeletal warrior!
You claw the skeletal warrior, but do no damage.
The skeletal warrior is severely damaged.
The skeletal warrior hits you with a battleaxe!!
You die...

#...#..####.#
#..........#
#.#%..###### #.
##..# .W ##.# ..
##.## # #..#
.###.#.##########
...........@z....#
#.##############.#


You could see a skeletal warrior.

Vanquished Creatures
  2 hill giants (D:10)
  A gargoyle (D:10)
  2 trolls
  Grinder (D:4)
  A hungry ghost (D:9)
  2 hippogriffs
  Menkaure (D:7)
  2 water moccasins
  An orc warrior (D:9)
  2 sky beasts
  A black bear (D:10)
  2 necrophages
  4 phantoms
  9 ogres
  4 centaurs
  A crocodile (D:11)
  A big kobold (D:8)
  5 giant frogs
  2 scorpions (D:9)
  3 wights (D:10)
  3 howler monkeys (D:8)
  3 crimson imps
  7 hounds
  A wasp zombie (D:9)
  2 giant frog zombies (D:10)
  A gnoll shaman (D:9)
  2 centaur skeletons
  An orc priest (D:6)
  7 orc wizards
  2 iguanas
  Natasha (twice) (D:2)
  7 worker ants
  A hound zombie (D:11)
  3 hound skeletons
  A howler monkey zombie (D:9)
  3 worker ant zombies
  13 adders
  7 gnolls
  3 shadow imps
  3 oozes
  An adder zombie (D:6)
  2 adder skeletons
  A worm (D:8)
  3 dart slugs
  5 giant geckos
  19 orcs
  A ball python (D:4)
  12 bats
  4 giant cockroaches
  7 goblins
  8 hobgoblins
  2 jackals (D:1)
  10 kobolds
  7 quokkas
  7 giant newts
  A jackal skeleton (D:9)
  8 rats
  A spectral orc (D:3)
218 creatures vanquished.

Vanquished Creatures (others)
  A centaur (D:8)
  A withered plant (D:2)
2 creatures vanquished.

Grand Total: 220 creatures vanquished

Notes
Turn   | Place    | Note
--------------------------------------------------------------
     0 | D:1      | Krapule the Tengu Monk began the quest for the Orb.
     0 | D:1      | Reached XP level 1. HP: 14/14 MP: 2/2
    68 | D:1      | Reached XP level 2. HP: 14/19 MP: 3/3
   528 | D:1      | Reached XP level 3. HP: 20/23 MP: 4/4
   571 | D:1      | Reached skill level 1 in Armour
   845 | D:1      | Found a shimmering altar of Xom.
   893 | D:2      | Found an ancient bone altar of Kikubaaqudgha.
  1430 | D:2      | Reached XP level 4. HP: 12/28 MP: 5/5
  1621 | D:2      | Reached skill level 5 in Unarmed Combat
  1622 | D:2      | Found an opulent altar of Gozag.
  1624 | D:2      | Noticed Natasha
  1785 | D:2      | Killed Natasha
  1881 | D:2      | Noticed Natasha
  1941 | D:2      | Killed Natasha
  1941 | D:2      | Gained mutation: You can fly. [Tengu growth]
  1941 | D:2      | Reached XP level 5. HP: 27/33 MP: 6/6
  2145 | D:3      | Found an iron altar of Okawaru.
  3045 | D:3      | Found a basalt altar of Yredelemnul.
  3151 | D:4      | Reached XP level 6. HP: 37/38 MP: 7/7
  3183 | D:4      | Noticed Grinder
  3183 | D:4      | Paralysed by Grinder for 6 turns
  3207 | D:4      | Paralysed by Grinder for 3 turns
  3211 | D:4      | Killed Grinder
  3211 | D:4      | Reached skill level 5 in Dodging
  3211 | D:4      | Reached XP level 7. HP: 32/44 MP: 8/8
  3412 | D:4      | Found a staircase to the Ecumenical Temple.
  3419 | Temple   | Entered the Ecumenical Temple
  3765 | D:4      | Noticed Sigmund
  4071 | D:4      | Found a shimmering altar of Xom.
  4542 | D:5      | Entered Level 5 of the Dungeon
  4573 | D:5      | Reached skill level 5 in Fighting
  5229 | D:5      | Reached XP level 8. HP: 49/50 MP: 9/9
  6704 | D:7      | Reached skill level 5 in Armour
  7391 | D:7      | Noticed Menkaure
  7398 | D:7      | Killed Menkaure
  7398 | D:7      | Reached XP level 9. HP: 50/56 MP: 10/10
  7466 | D:7      | Found a white marble altar of Elyvilon.
  7975 | D:8      | Found a blossoming altar of Fedhas.
  8222 | D:8      | Found a snail-covered altar of Cheibriados.
  8500 | D:8      | Became a worshipper of Cheibriados the Contemplative
  8500 | D:8      | Reached * piety under Cheibriados
  8500 | D:8      | Reached ** piety under Cheibriados
  8590 | D:8      | Reached skill level 1 in Invocations
  8932 | D:8      | Found a blossoming altar of Fedhas.
  9567 | D:9      | Reached XP level 10. HP: 64/64 MP: 12/12
  9612 | D:9      | Found Ruvaibbu's Book Shoppe.
  9636 | D:9      | Reached *** piety under Cheibriados
  9963 | D:9      | Found a sacrificial altar of Ru.
 10223 | D:10     | Entered Level 10 of the Dungeon
 10296 | D:10     | Noticed a hill giant
 10326 | D:10     | HP: 3/64 [hill giant/giant club (27)]
 10328 | D:10     | Killed a hill giant
 10328 | D:10     | Reached skill level 1 in Spellcasting
 10734 | D:10     | Noticed a gargoyle
 10761 | D:10     | Killed a gargoyle
 11270 | D:10     | Reached **** piety under Cheibriados
 11310 | D:10     | Noticed a hill giant
 11317 | D:10     | Killed a hill giant
 11541 | D:10     | Reached XP level 11. HP: 66/69 MP: 16/16
 11729 | D:10     | Found Rely's General Store.
 11945 | D:11     | Found a staircase to the Lair.
 11963 | D:11     | Noticed lorenzova's ghost (journeyman DECj)
 11972 | D:11     | Noticed a skeletal warrior
 11990 | D:11     | Mangled by a skeletal warrior

Skill      XL: |  1  2  3  4  5  6  7  8  9 10 11 |
---------------+----------------------------------+-----
Armour         | 1 2 3 4 5 6 |  6.0
Dodging        | 4 5 6 8 9 |  9.6
Unarmed Combat | 5 6 7 8 9 |  9.8
Fighting       | 4 5 6 7 8 |  8.8
Invocations    | 2 4 |  4.6
Spellcasting   | 2 3 |  3.0
Stealth        | |  2.0

Action                   |  1- 3 |  4- 6 |  7- 9 | 10-12 || total
-------------------------+-------+-------+-------+-------++-------
Melee: Unarmed           |    85 |   137 |   430 |   221 ||   873
       Peck              |    13 |    28 |   109 |    78 ||   228
       Kick              |    21 |    44 |   174 |   136 ||   375
       Punch             |       |     3 |    13 |    15 ||    31
 Abil: Fly               |       |     1 |       |       ||     1
Evoke: Wand              |       |       |     2 |    12 ||    14
  Use: Scroll            |       |     6 |     7 |     1 ||    14
       Potion            |       |     2 |     1 |       ||     3
 Stab: Sleeping          |     2 |     2 |     3 |     1 ||     8
       Distracted        |       |       |       |     1 ||     1
  Eat: Chunk             |     1 |     6 |    19 |     4 ||    30
       Fruit             |       |       |       |     1 ||     1
Armor: Robe              |    13 |       |       |       ||    13
       Ring mail         |    10 |    37 |    80 |    32 ||   159
       Skin              |       |     4 |       |       ||     4
Dodge: Dodged            |    73 |    67 |   258 |   177 ||   575
